AoeStats
← < blank >

Oasis

510197848Analyzed
2v2 RM · 17h ago on Sep 29, 2026· 64m 3s· 4 players
Game mode
Random Map
Map size
Medium (4 player)
Population
200
Speed
Normal
Resources
Standard
Victory
Conquest
Starting age
Dark Age
Ending age
Imperial Age
RankedLock teamsTeams togetherTeam positionsShared explorationLock speedFull tech treeHidden civsTurbo modeCheats
Victory
Defeat
🇺🇸 Saxons · United States
769
+17
🇺🇸 Persians · United States
730
+18
🇮🇱 Lithuanians · Israel
821
-19
🇮🇱 Magyars · Israel
747
-16
Spar27
10:20 Feudal Age
10:32 Man-at-Arms
14:30 Horse Collar
17:23 Loom
17:32 Gold Mining
21:32 Castle Age
20:59 Double-Bit Axe
21:31 Bloodlines
24:05 Scale Barding Armor
24:12 Forging
24:24 Bow Saw
25:10 Wheelbarrow
29:36 Scale Mail Armor
30:11 Iron Casting
32:38 Imperial Age
30:14 Heavy Plow
33:11 Pikeman
33:38 Gambesons
34:29 Ballistics
35:10 Chemistry
35:13 Chain Mail Armor
36:01 Fletching
36:23 Padded Archer Armor
36:30 Crossbowman
37:54 Bodkin Arrow
38:17 Arbalester
43:14 Halberdier
43:57 Squires
53:30 Crop Rotation
53:32 Bracer
59:39 Elite Varangian Guard
PIGMELION
9:53 Loom
12:35 Feudal Age
13:07 Double-Bit Axe
13:04 Horse Collar
21:33 Castle Age
20:56 Bloodlines
20:55 Scale Barding Armor
22:26 Wheelbarrow
22:08 Forging
22:37 Town Watch
24:39 Husbandry
27:02 Gold Mining
27:19 Heavy Plow
28:25 Chain Barding Armor
29:41 Iron Casting
34:37 Imperial Age
34:24 Gold Shaft Mining
35:12 Bow Saw
35:15 Cavalier
36:36 Plate Barding Armor
37:02 Blast Furnace
37:21 Savar
40:02 Murder Holes
42:48 Ballistics
43:35 Conscription
43:19 Kamandaran
43:35 Stone Mining
44:10 Crossbowman
44:56 Thumb Ring
< blank >
11:07 Feudal Age
11:28 Horse Collar
11:34 Double-Bit Axe
12:49 Wheelbarrow
24:10 Scale Barding Armor
26:56 Castle Age
27:06 Bloodlines
29:53 Pikeman
30:46 Corvinian Army
31:11 Bow Saw
31:06 Heavy Plow
35:10 Chain Barding Armor
35:30 Stone Mining
37:24 Hand Cart
37:58 Gold Mining
43:54 Imperial Age
42:18 Gold Shaft Mining
50:44 Elite Magyar Huszar
64:13 Husbandry
Hello
11:17 Feudal Age
11:59 Horse Collar
12:23 Double-Bit Axe
13:35 Loom
13:22 Man-at-Arms
22:11 Castle Age
22:08 Wheelbarrow
21:58 Town Watch
22:41 Stone Mining
24:40 Gold Mining
25:17 Hand Cart
25:59 Pikeman
36:36 Imperial Age
34:34 Heavy Plow
34:46 Bow Saw
35:40 Scale Barding Armor
35:45 Forging
36:51 Elite Leitis
39:15 Stone Shaft Mining
41:49 Chain Barding Armor
42:05 Iron Casting
41:34 Town Patrol
43:30 Crop Rotation
44:04 Two-Man Saw
48:03 Elite Skirmisher
48:52 Fletching
52:55 Plate Barding Armor
56:15 Husbandry
56:26 Bloodlines
62:51 Ballistics
Connection lost

Rejoining the realm…

Still unreachable

The connection could not be restored.

Session expired

The server has moved on; the page needs a fresh start.